 Dungeon Sprint DCSS version 0.31-a0-931-g7b59d4eb97 (webtiles) character file.

Game seed: 12733383994141143967

390 sircluck the Grappler (level 6, -13/106 HPs)
             Began as a Troll Berserker on Oct 19, 2023.
             Was a High Priest of Trog.
             Mangled by a guardian serpent (23 damage)
             ... in the Dungeon (Sprint VII: "The Pits").
             The game lasted 00:00:40 (241 turns).

sircluck the Grappler (Troll Berserker)              Turns: 241, Time: 00:00:41

Health: -13/106    AC:  4    Str: 28    XL:     6   Next: 50%
Magic:  5/5        EV: 11    Int:  3    God:    Trog [*****.]
Gold:   0          SH:  0    Dex:  9    Spells: 5/5 levels left

rFire   . .          .
                       - Unarmed
rCold   . . .        (no shield)
rNeg    . . .        a - +0 animal skin
rPois   .            (helmet restricted)
rElec   .            (no cloak)
rCorr   .            (gloves unavailable)
SInv    .            (boots unavailable)
Will    .....        (no amulet) Stlth
                     (no ring)
HPRegen 1.17/turn    (no ring)
MPRegen 0.09/turn

%: no teleportation
@: berserking, slowed
A: large, unfitting armour, claws 3, regeneration 1, shaggy fur 1, tough skin 1
a: Renounce Religion, Berserk, Trog's Hand, Brothers in Arms


You were in the Dungeon.
You worshipped Trog.
Trog was extremely pleased with you.
You visited 1 branch

Inventory:

Armour
 a - a +0 animal skin (worn)
Scrolls
 g - a scroll of blinking
 i - 2 scrolls of vulnerability
 j - a scroll of butterflies
Potions
 b - 6 potions of curing
 c - 6 potions of heal wounds
 d - a potion of haste
 e - 4 potions of magic
 f - 3 potions of berserk rage
 h - 2 potions of invisibility


   Skills:
 + Level 7.3 Fighting
 + Level 7.2 Dodging
 + Level 8.7 Unarmed Combat


You had 5 spell levels left.
You didn't know any spells.
Your spell library was empty.

Dungeon Overview and Level Annotations

Branches:
Dungeon (1/1)

Altars:
Ashenzari
Cheibriados
Dithmenos
Elyvilon
Fedhas
Gozag
Hepliaklqana
Kikubaaqudgha
Makhleb
Nemelex Xobeh
Okawaru
Qazlal
Ru
Sif Muna
Trog
Uskayaw
Vehumet
Wu Jian
Xom
Yredelemnul
Zin
The Shining One
Jiyva
Lugonu


Innate Abilities, Weirdness & Mutations

You are too large for most types of armour.
You have claws for hands.
Your natural rate of healing is unusually fast.
You are covered in fur. (AC +1)
You have tough skin. (AC +1)


Message History

You claw the mummy! You claw the mummy.
The mummy is heavily damaged.
You claw the mummy!
You destroy the mummy!
Trog accepts your kill.
No target in view!
No target in view!
No target in view!
No target in view!
No target in view!
No target in view!
There is an open door here.
You open the door.
A guardian serpent comes into view.
The guardian serpent shouts!
The guardian serpent closely misses you.
You scratch the guardian serpent but do no damage.
The guardian serpent hits you!
You completely miss the guardian serpent.
The guardian serpent hits you!!
The guardian serpent hits you but does no damage.
You closely miss the guardian serpent. The guardian serpent hits you!!
* * * LOW HITPOINT WARNING * * *
You are too injured to fight recklessly!
You are too injured to fight recklessly!
You are too injured to fight recklessly!
You are too injured to fight recklessly!
You are too injured to fight recklessly!
You are too injured to fight recklessly!
A red film seems to cover your vision as you go berserk!
You feel yourself moving faster!
You feel mighty! The guardian serpent hits you!!
* * * LOW HITPOINT WARNING * * *
The guardian serpent casts a spell at you.
You feel yourself slow down.
Unknown command.
You scratch the guardian serpent.
The guardian serpent is lightly wounded.
The guardian serpent hits you!!
You die...

#.#...†....##.......#
#'###########.......#
#.......# #########
#.......# #...#...#
#..###..#+#
#...#...#.+
#.......#S#
#.......@.#
###########


You could see a guardian serpent.

Vanquished Creatures
  An orc warrior (D)
  A black bear (D)
  2 scorpions (D)
  An orc priest (D)
  An orc wizard (D)
  A mummy (D)
  An adder (D)
  An ufetubus (D)
  5 orcs (D)
  3 endoplasms (D)
  A hobgoblin (D)
  2 quokkas (D)
  A frilled lizard (D)
  A rat (D)
22 creatures vanquished.

Notes
Turn   | Place    | Note
-------+----------+-------------------------------------------
     0 | D        | sircluck the Troll Berserker began the quest for the Orb.
     0 | D        | Reached XP level 1. HP: 22/22 MP: 0/0
    11 | D        | Noticed a scorpion
    16 | D        | Killed a scorpion
    17 | D        | Reached skill level 5 in Unarmed Combat
    17 | D        | Reached XP level 2. HP: 25/33 MP: 1/1
    17 | D        | Reached XP level 3. HP: 31/40 MP: 2/2
    21 | D        | Found a bloodstained altar of Trog.
    21 | D        | Found a shimmering blue altar of Sif Muna.
    21 | D        | Found a viscous altar of Jiyva.
    21 | D        | Found a hazy altar of Hepliaklqana.
    21 | D        | Found an opulent altar of Gozag.
    22 | D        | Found a glowing golden altar of the Shining One.
    22 | D        | Found a glowing silver altar of Zin.
    22 | D        | Found a basalt altar of Yredelemnul.
    22 | D        | Found a shimmering altar of Xom.
    22 | D        | Found an ornate altar of the Wu Jian Council.
    22 | D        | Found a sacrificial altar of Ru.
    22 | D        | Found a stormy altar of Qazlal.
    22 | D        | Found an iron altar of Okawaru.
    22 | D        | Found a sparkling altar of Nemelex Xobeh.
    22 | D        | Found a burning altar of Makhleb.
    22 | D        | Found a blossoming altar of Fedhas.
    22 | D        | Found a white marble altar of Elyvilon.
    22 | D        | Found a shadowy altar of Dithmenos.
    22 | D        | Found a snail-covered altar of Cheibriados.
    25 | D        | Found a corrupted altar of Lugonu.
    25 | D        | Found a radiant altar of Vehumet.
    26 | D        | Found an ancient bone altar of Kikubaaqudgha.
    26 | D        | Found a hide-covered altar of Uskayaw.
    26 | D        | Found a broken altar of Ashenzari.
    65 | D        | Reached ** piety under Trog
    72 | D        | Reached XP level 4. HP: 48/49 MP: 3/3
    77 | D        | Noticed a scorpion
    81 | D        | Killed a scorpion
    82 | D        | Reached skill level 5 in Fighting
    82 | D        | Reached skill level 5 in Dodging
    82 | D        | Reached skill level 6 in Unarmed Combat
    82 | D        | Reached *** piety under Trog
   128 | D        | Noticed an orc warrior
   138 | D        | Reached XP level 5. HP: 53/57 MP: 4/4
   139 | D        | Reached **** piety under Trog
   140 | D        | Noticed a black bear
   153 | D        | Killed a black bear
   154 | D        | Reached skill level 7 in Unarmed Combat
   169 | D        | Killed an orc warrior
   170 | D        | Reached skill level 8 in Unarmed Combat
   170 | D        | Reached XP level 6. HP: 38/68 MP: 5/5
   177 | D        | Reached ***** piety under Trog
   179 | D        | Identified the +7 rapier of Tinat {heavy, Stlth+} (Trog
                  | gifted it to you in the Dungeon)
   179 | D        | Received a gift from Trog
   236 | D        | Noticed a guardian serpent
   241 | D        | Mangled by a guardian serpent

Illustrated notes

Levels and vault maps discovered:
D:        pitsprint [storerooms_1, entrance_room_1, metal_vault_1, armoury_3,
          mini_pit_1, grid_room_1, main_hall_1, silver_pit, the_coven_1,
          the_vestibule_1, steel_vault_3, golden_pit, hallway_of_sentries,
          crystal_vault_3, iron_vault_4, final_vault]

Skill      XL: |  1  2  3  4  5  6 |
---------------+-------------------+-----
Fighting       | 4 5 6 7 |  7.3
Dodging        | 4 5 6 7 |  7.2
Unarmed Combat | 5 6 8 |  8.7

Action                     |  1- 3 |  4- 6 || total
---------------------------+-------+-------++-------
  Melee: Unarmed           |     9 |    48 ||    57
         Punch             |       |     3 ||     3
 Invoke: Berserk           |       |     1 ||     1
   Stab: Sleeping          |     1 |       ||     1
 Armour: Animal skin       |     6 |    36 ||    42
  Dodge: Dodged            |     2 |    35 ||    37

Table legend: (Time is in decaauts)
 A = Elapsed time spent in this place.
 B = Non-inter-level travel time spent in this place.
 C = Inter-level travel time spent in this place.
 D = Time resting spent in this place.
 E = Time spent auto-exploring this place.
 F = Levels seen in this place.
 G = Mean time per level.
                   A        B        C        D        E       F      G
               +--------+--------+--------+--------+--------+-----+--------+
         Total |    234 |    234 |      0 |      5 |    103 |   1 |  234.0 |
       Dungeon |    234 |    234 |      0 |      5 |    103 |   1 |  234.0 |
               +--------+--------+--------+--------+--------+-----+--------+

Top non-repeatable levels by time:
       D: 234 daAuts
